 Dungeon Crawl Stone Soup version 0.21.0-3-g78d12a8 (webtiles) character file.

228 dobroeutro the Poker (level 5, -5/41 HPs)
             Began as a Demonspawn Fighter on Jan 18, 2018.
             Killed by divine providence
             ... invoked by an orc priest
              (14 damage)
             ... on level 4 of the Dungeon.
             The game lasted 00:03:20 (2646 turns).

dobroeutro the Poker (Demonspawn Fighter)           Turns: 2646, Time: 00:03:21

Health: -5/41      AC:  7    Str: 18    XL:     5   Next: 70%
Magic:  4/5        EV:  7    Int:  9    God:
Gold:   115        SH:  8    Dex: 12    Spells: 4/4 levels left

rFire    + . .     SeeInvis .   a - +0 trident
rCold    . . .     Gourm    .   c - +0 shield
rNeg     . . .     Faith    .   b - +0 scale mail
rPois    .         Spirit   .   (no helmet)
rElec    .         Reflect  .   (no cloak)
rCorr    .         Harm     .   (no gloves)
MR       .....                  h - +0 pair of boots (curse)
Stlth    ..........             (no amulet)
HPRegen  0.13/turn              (no ring)
MPRegen  0.09/turn              (no ring)

@: no status effects
A: talons 1, demonic guardian 1, fire resistance 1
a: no special abilities


You were on level 4 of the Dungeon.
You were not hungry.

You visited 1 branch of the dungeon, and saw 4 of its levels.

You collected 115 gold pieces.

Inventory:

Hand Weapons
 a - a +0 trident (weapon)
Armour
 b - a +0 scale mail (worn)
 c - a +0 shield (worn)
 h - a cursed +0 pair of boots (worn)
Wands
 m - a wand of flame (6)
 n - a wand of iceblast (12)
 s - a wand of random effects (19)
Scrolls
 j - 2 scrolls of enchant armour {unknown}
 k - 3 scrolls of identify {unknown}
 l - 2 scrolls of amnesia {unknown}
 p - a scroll of remove curse {unknown}
 r - 2 scrolls of immolation {unknown}
Potions
 d - a potion of might
 e - a potion of berserk rage {unknown}
 g - a potion of brilliance {unknown}
 i - 6 potions of curing {unknown}
 o - a potion of agility {unknown}
 q - a potion of resistance {unknown}
 t - a potion of haste {unknown}
Comestibles
 f - 10 rations


   Skills:
 - Level 3.0 Fighting
 + Level 5.5 Polearms
 - Level 2.6 Armour
 - Level 2.6 Shields


You had 4 spell levels left.
You didn't know any spells.

Dungeon Overview and Level Annotations

Branches:
Dungeon (4/15)
 Temple: D:4-7

Altars:
Fedhas


Innate Abilities, Weirdness & Mutations

You have sharp toenails.
A weak demonic guardian rushes to your aid.
Your flesh is heat resistant. (rF+)


Message History

Press: ? - help, Dir - move target cursor, f - orc
Aim: an orc, wielding a flail (severely wounded)
You reach to attack!
You hit the orc.
You kill the orc!
The orc priest barely misses your quasit.
What are your orders? t - Shout!
Orders for allies: a - Attack new target. r - Retreat! s - Stop attacking. g - Guard the area. f - Follow me.
Anything else - Cancel.
Gang up on whom?
Press: ? - help, Dir - move target cursor, f - orc priest
Aim: an orc priest, wielding a short sword and wearing a leather armour Attack!
The orc misses your quasit.
Your quasit barely misses the orc priest. x2
Your quasit claws the orc priest but does no damage.
The orc priest mumbles some strange prayers to Beogh against you.
Beogh smites you!
You die...

.#..#..#.###.#.#
.......#...#.#.#
>............#.# ##+##
.............#.# #...#
.......#####.#.# #...+
.#.#...........# #...#
...............# #...# .
.####.####.....###5o.#.o..
... ...........@)5o...?.<
.... ...#.#.#.##########.
..... .......... ####
####.#..... #.#.##.. # ..
#. ##. ..


You could see an orc priest, 2 orcs, a friendly iron imp and a friendly quasit.

Vanquished Creatures
  An orc priest (D:3)
  Natasha (thrice) (D:2)
  2 adders (D:3)
  An ooze (D:1)
  2 worms (D:3)
  A dart slug (D:4)
  2 leopard geckos
  7 orcs
  5 giant cockroaches
  A goblin (D:3)
  5 hobgoblins
  11 jackals
  4 kobolds
  5 quokkas
  2 ball pythons
  5 bats
  9 frilled lizards
  A quokka skeleton (D:4)
  8 rats
75 creatures vanquished.

Vanquished Creatures (collateral kills)
  An orc priest (D:4)
  An orc (D:3)
2 creatures vanquished.

Grand Total: 77 creatures vanquished

Notes
Turn   | Place    | Note
-------+----------+-------------------------------------------
     0 | D:1      | dobroeutro the Demonspawn Fighter began the quest for the Orb.
     0 | D:1      | Reached XP level 1. HP: 18/18 MP: 1/1
    33 | D:1      | Reached skill level 2 in Polearms
   101 | D:1      | Gained mutation: You have sharp toenails. [demonic ancestry]
   101 | D:1      | Reached XP level 2. HP: 17/24 MP: 2/2
   206 | D:1      | Reached skill level 3 in Polearms
   537 | D:1      | Reached XP level 3. HP: 29/29 MP: 3/3
   761 | D:2      | Found a blossoming altar of Fedhas.
   887 | D:2      | Noticed Natasha
   895 | D:2      | Killed Natasha
  1036 | D:2      | Noticed Natasha
  1046 | D:2      | Killed Natasha
  1046 | D:2      | Reached skill level 4 in Polearms
  1046 | D:2      | Gained mutation: Your flesh is heat resistant. (rF+) [demonic ancestry]
  1046 | D:2      | Reached XP level 4. HP: 15/35 MP: 4/4
  1398 | D:2      | Noticed Natasha
  1403 | D:2      | Killed Natasha
  1726 | D:3      | Gained mutation: A weak demonic guardian rushes to your aid. [demonic ancestry]
  1726 | D:3      | Reached XP level 5. HP: 36/41 MP: 5/5
  1861 | D:3      | Reached skill level 5 in Polearms
  2525 | D:4      | Noticed an ogre
  2646 | D:4      | Killed from afar by an orc priest

Skill      XL: |  1  2  3  4  5 |
---------------+----------------+-----
Polearms       | 2 3 4 5 |  5.5
Fighting       | |  3.0
Armour         | |  2.6
Shields        | |  2.6

Action                   |  1- 3 |  4- 6 || total
-------------------------+-------+-------++-------
Melee: Trident           |   122 |   131 ||   253
       Kick              |     3 |       ||     3
  Eat: Chunk             |       |     6 ||     6
Armor: Scale mail        |    50 |    35 ||    85
Dodge: Dodged            |    34 |    33 ||    67
Block: Shield            |    49 |    37 ||    86
